 Dungeon Crawl Stone Soup version 0.28.0-45-g0d030f2227 (webtiles) character file.

Game seed: 12669430685392540988

88 101zpm the Magician (level 4, -1/31 HPs)
             Began as a Djinni Ice Elementalist on Apr 12, 2022.
             Killed from afar by a white imp (6 damage)
             ... with a puff of frost
             ... on level 3 of the Dungeon.
             The game lasted 00:06:44 (3347 turns).

101zpm the Magician (Djinni Ice Elementalist)       Turns: 3347, Time: 00:06:44

Health: -1/31      AC:  2    Str:  7    XL:     4   Next: 81%
Gold:   118        EV: 12    Int: 18    God:
                   SH:  0    Dex: 14

rFire   + + .      SeeInvis .   f - +0 short sword
rCold   x . .      Faith    .   (no shield)
rNeg    . . .      Spirit   .   a - +0 robe
rPois   ∞          Reflect  .   (no helmet)
rElec   .          Harm     .   (no cloak)
rCorr   .          Rampage  .   (no gloves)
Will    .....                   (boots unavailable)
Stlth   ++........              (no amulet)
HPRegen 0.10/turn               (no ring)
MPRegen 0.00/turn               (no ring)

@: freezing walls, flying
A: sickness immunity, fire resistance 2, cold vulnerability 1, float, innate
caster, HP casting, extra vitality 1
a: no special abilities


You were on level 3 of the Dungeon.
You visited 1 branch of the dungeon, and saw 3 of its levels.

You collected 118 gold pieces.

Inventory:

Hand Weapons
 f - a +0 short sword (weapon)
Missiles
 e - 107 stones
Armour
 a - a +0 robe (worn)
Scrolls
 c - a scroll of immolation {unknown}
 d - 2 scrolls of teleportation {unknown}
 h - 2 scrolls of noise {unknown}
Potions
 b - 2 potions of ambrosia {unknown}
 g - a potion of flight {unknown}
 i - a potion of cancellation {unknown}
 j - a potion of magic {unknown}
 k - a potion of might {unknown}


   Skills:
 + Level 0.3 Fighting
 + Level 2.6 Dodging
 + Level 1.7 Stealth
 + Level 4.3 Spellcasting


You couldn't memorise any spells.
You knew the following spells:

 Your Spells              Type           Power      Damage    Failure   Level
a - Freeze                Ice            76%        1d9       2%          1
b - Frozen Ramparts       Ice            38%        1d5       7%          3
c - Ozocubu's Armour      Ice            19%        N/A       7%          3
d - Hailstorm             Conj/Ice       19%        3d6       24%         4
e - Animate Skeleton      Necr           38%        N/A       2%          1
Your spell library was empty.

Dungeon Overview and Level Annotations

Branches:
Dungeon (3/15)

Altars:
Kikubaaqudgha

Annotations:
D:2 1 runed translucent door, Crazy Yiuf


Innate Abilities, Weirdness & Mutations

You are immune to sickness and miasma.
You are immune to poison.
Your flesh is very heat resistant. (rF++)
You are vulnerable to cold. (rC-)
You float through the air rather than walking.
You learn spells naturally, not from books.
Your magical power is your life essence.
You have superior vitality. (+4 MHP)


Message History

You now have 108 gold pieces (gained 7).
You now have 118 gold pieces (gained 10).
A white imp comes into view.
A white imp is nearby!
The white imp shouts!
The white imp gestures at you. The puff of frost hits you!
You feel a terrible chill!
Aiming: Freeze (safe; 2% risk of failure)
Press: ? - help, Q - select action, (/) - cycle Shift-Dir - straight line, f - white imp
Aim: a white imp You freeze the white imp but do no damage.
The white imp completely resists.
The white imp hits you but does no damage.
Aiming: Freeze (safe; 2% risk of failure)
Press: ? - help, Q - select action, (/) - cycle Shift-Dir - straight line, f/p - white imp
Aim: a white imp You freeze the white imp but do no damage.
The white imp completely resists.
The white imp barely misses you.
Casting: Freeze (safe; 2% risk of failure)
Confirm with . or Enter, or press ? or * to list all spells.
The spell is quite dangerous to miscast (7% risk of failure)!
Continue anyway?
Casting: Frozen Ramparts (quite dangerous; 7% risk of failure)
Press: ? - help, Dir - look around, f - activate The walls around you are covered in ice.
The white imp completely resists.
The wall freezes the white imp but does no damage.
The white imp hits you. The white imp freezes you.
You feel a terrible chill!
* * * LOW HITPOINT WARNING * * *
Aiming: Freeze (safe; 2% risk of failure)
Press: ? - help, Q - select action, (/) - cycle Shift-Dir - straight line, f - white imp
Aim: a white imp You freeze the white imp.
The white imp resists.
The white imp is lightly wounded.
* * * LOW HITPOINT WARNING * * *
The white imp completely resists.
The wall freezes the white imp but does no damage.
The white imp gestures at you. The puff of frost hits you.
You feel a terrible chill!
You die...

#.# #.# #.# #.#
#.# #.# #.# #5#
.. .... #@##
.#.....
#..##.#.....
##....#.....
#..........
#..........
#........<....
#............#
#............##
#.............#


You could see a white imp.

Vanquished Creatures
  4 adders
  A dart slug (D:2)
  A worm (D:2)
  4 ball pythons
  3 endoplasms
  3 giant cockroaches
  4 goblins (D:1)
  5 hobgoblins
  4 kobolds
  2 quokkas
  5 bats
  3 frilled lizards
  7 rats
46 creatures vanquished.

Notes
Turn   | Place    | Note
-------+----------+-------------------------------------------
     0 | D:1      | 101zpm the Djinni Ice Elementalist began the quest for the
                  | Orb.
     0 | D:1      | Reached XP level 1. HP: 15/15 MP: 0/0
   393 | D:1      | Reached XP level 2. HP: 19/21 MP: 0/0
  1092 | D:1      | Reached XP level 3. HP: 25/25 MP: 0/0
  1092 | D:1      | Learned a level 1 spell: Animate Skeleton
  1487 | D:2      | Found a faded altar of an unknown god.
  1819 | D:2      | Reached skill level 4 in Spellcasting
  2245 | D:2      | Reached XP level 4. HP: 16/31 MP: 0/0
  3000 | D:2      | Found a runed translucent door.
  3001 | D:2      | Noticed Crazy Yiuf
  3347 | D:3      | Killed from afar by a white imp

Illustrated notes

Levels and vault maps discovered:
D:1:      matt_arrival_spirals, layout_loops_ring
D:2:      layout_loops_ring, basic_altar, hellmonk_ecumenical_altar_arch_garden,
          uniq_crazy_yiuf_cottage
D:3:      layout_rooms, mainiacjoe_overflow_alcove_2, gammafunk_ghost_cemetery,
          minmay_three_crescents

Skill      XL: |  1  2  3 |
---------------+----------+-----
Spellcasting   | 4 |  4.3
Fighting       | |  0.3
Dodging        | |  2.6
Stealth        | |  1.7

Action                   |  1- 3 |  4- 6 || total
-------------------------+-------+-------++-------
Melee: Unarmed           |     3 |       ||     3
       Short sword       |     1 |     1 ||     2
 Cast: Freeze            |    59 |    21 ||    80
       Frozen Ramparts   |       |     1 ||     1
Armor: Robe              |     6 |     6 ||    12
Dodge: Dodged            |    20 |     8 ||    28
